 Dungeon Crawl Stone Soup version 0.25-a0-21-ga5a8db46c7 (webtiles) character file.

Game seed: 11743984004772263658, levelgen mode: deterministic

229270 Chiseanne the Peltast (level 18, -1/110 (112) HPs)
             Began as a Demonspawn Wizard on Oct 15, 2019.
             Was the Champion of Vehumet.
             Killed by the air
             ... invoked by a blizzard demon
              (14 damage)
             ... in a wizard's laboratory on Oct 18, 2019.
             The game lasted 03:27:56 (51159 turns).

Chiseanne the Peltast (Demonspawn Wizard)          Turns: 51159, Time: 03:27:57

HP:   -1/110 (112)  AC: 18    Str: 13    XL:     18   Next: 29%
MP:   14/37         EV: 16    Int: 27    God:    Vehumet [******]
Gold: 971           SH: 27    Dex: 14    Spells: 11/48 levels left

rFire    + . .     SeeInvis .   a - +7 flail
rCold    + . .     Gourm    .   n - +3 large shield {AC+3}
rNeg     . . .     Faith    .   v - +3 troll leather armour {Snorg}
rPois    .         Spirit   .   b - +1 hat
rElec    .         Reflect  +   y - scarf {cloud immunity}
rCorr    .         Harm     .   (gloves unavailable)
MR       +....                  w - +2 pair of boots {Fly}
Stlth    ++........             c - +5 amulet of reflection
HPRegen  0.00/turn              g - +5 ring of evasion
MPRegen  0.25/turn              Y - ring "Ciyzoj" {rC+ Int+2}

@: mighty, lethally poisoned (-1 -> -29), flying, non-regenerating, diseased,
slowed, very slow
A: claws 3, molten scales 3, powered by death 3, powered by pain 1
}: 2/15 runes: decaying, gossamer
a: Renounce Religion, Stop Flying


You were in a wizard's laboratory.
You worshipped Vehumet.
Vehumet was exalted by your worship.
You were not hungry.

You visited 7 branches of the dungeon, and saw 34 of its levels.
You also visited: Wizlab.

You collected 3361 gold pieces.
You spent 2390 gold pieces at shops.

Inventory:

Hand Weapons
 a - a +7 flail (weapon)
 o - the cursed +2 rapier of Xarub {flame, rN+ Str+4}
   (You found it on level 6 of the Lair of Beasts)

   It has been specially enchanted to burn those struck by it, causing extra
   injury to most foes and up to half again as much damage against particularly
   susceptible opponents.
   It affects your strength (+4).
   It protects you from negative energy.
   It has a curse placed upon it.
 s - a +2 scimitar of flaming
Missiles
 f - 9 atropa-tipped darts (quivered)
 m - 5 throwing nets {!*}
 B - 14 curare-tipped darts
Armour
 b - a +1 hat (worn)
 n - a +3 large shield of protection (worn)
 v - a +3 troll leather armour (worn) {Snorg}
 w - a +2 pair of boots of flying (worn)
 y - a scarf of cloud immunity (worn)
Jewellery
 c - a +5 amulet of reflection (around neck)
 g - a +5 ring of evasion (left claw)
 I - an uncursed ring of wizardry
 K - an uncursed ring of positive energy
 Q - an uncursed ring of see invisible
 Y - the ring "Ciyzoj" (right claw) {rC+ Int+2}
   (You found it on level 5 of the Lair of Beasts)

   [ring of protection from cold]

   It affects your intelligence (+2).
   It protects you from cold.
Wands
 h - a wand of scattershot (5)
 C - a wand of disintegration (14)
 R - a wand of paralysis (18)
 V - a wand of digging (10)
Scrolls
 j - 2 scrolls of blinking
 r - 14 scrolls of teleportation
 u - 3 scrolls of magic mapping
 z - 12 scrolls of identify
 A - 5 scrolls of fog
 D - a scroll of summoning
 J - 5 scrolls of fear
 N - 12 scrolls of remove curse
Potions
 e - a potion of resistance
 i - 3 potions of cancellation
 k - a potion of brilliance
 t - 5 potions of curing
 H - 4 potions of invisibility
 L - 3 potions of ambrosia
 S - 3 potions of agility
 T - 3 potions of haste
 U - 3 potions of berserk rage
 X - 4 potions of heal wounds
Miscellaneous
 l - a phial of floods
 x - a fan of gales
 W - a box of beasts
 Z - a lamp of fire
Comestibles
 d - 14 rations
 q - 13 chunks of flesh


   Skills:
 - Level 2.0 Fighting
 - Level 2.0 Maces & Flails
 - Level 1.4 Throwing
 - Level 1.4 Armour
 - Level 2.4 Dodging
 - Level 2.0 Stealth
 * Level 17.2 Shields
 * Level 15.8 Spellcasting
 - Level 10.0 Conjurations
   Level 1.0 Summonings
 - Level 2.2 Translocations
 - Level 5.0 Fire Magic
 - Level 14.8 Ice Magic
 - Level 10.4 Air Magic
 - Level 0.4 Poison Magic


You had 11 spell levels left.
You knew the following spells:

 Your Spells              Type           Power        Failure   Level  Hunger
a - Magic Dart            Conj           ####         1%          1    None
b - Freezing Cloud        Conj/Ice/Air   ######....   2%          6    ####...
c - Conjure Flame         Conj/Fire      ######..     1%          3    None
d - Mephitic Cloud        Conj/Pois/Air  ######..     1%          3    None
e - Blink                 Tloc           N/A          4%          2    None
f - Lightning Bolt        Conj/Air       ######....   1%          5    None
g - Bolt of Cold          Conj/Ice       ######....   2%          6    ####...
h - Orb of Destruction    Conj           ######....   28%         7    #####..
i - Sticky Flame          Conj/Fire      ######..     1%          4    None

Your spell library contained the following spells:

 Spells                   Type           Power        Failure   Level  Hunger
 Glaciate                 Conj/Ice       ######....   100%        9    #######
 Shatter                  Erth           ###.......   100%        9    #######
 Tornado                  Air            ######....   100%        9    #######
 Flame Tongue             Conj/Fire      #####        1%          1    None
 Ensorcelled Hibernation  Hex/Ice        ######       1%          2    None
 Poisonous Vapours        Pois/Air       ######       1%          2    None
 Throw Flame              Conj/Fire      ######       1%          2    None
 Dazzling Spray           Conj/Hex       #####.       1%          3    None
 Inner Flame              Hex/Fire       ####....     2%          3    None
 Fireball                 Conj/Fire      ######....   3%          5    None
 Corona                   Hex            ###....      9%          1    None
 Call Imp                 Summ           ####....     9%          2    None
 Slow                     Hex            ###.....     12%         2    None
 Recall                   Summ/Tloc      N/A          12%         3    None
 Confuse                  Hex            ###.....     24%         3    None
 Tukima's Dance           Hex            ###.....     24%         3    None
 Simulacrum               Ice/Necr       ######....   52%         6    ####...
 Animate Dead             Necr           N/A          63%         4    None
 Borgnjor's Vile Clutch   Necr/Erth      ###.......   92%         5    None
 Death Channel            Necr           ###.......   100%        6    ####...
 Ring of Flames           Chrm/Fire      ####......   100%        7    #####..


Dungeon Overview and Level Annotations

Branches:
Dungeon (15/15)            Temple (1/1) D:5            Lair (6/6) D:8
  Swamp (4/4) Lair:3       Spider (4/4) Lair:4        Slime (0/5) Lair:6
    Orc (2/2) D:11            Elf (0/3) Orc:2        Vaults (2/5) D:14
 Depths (0/5) D:15         WizLab (1/1)
  Crypt: Vaults:2-3

Altars:
Ashenzari
Cheibriados
Dithmenos
Elyvilon
Fedhas
Gozag
Hepliaklqana
Kikubaaqudgha
Makhleb
Nemelex Xobeh
Okawaru
Qazlal
Ru
Sif Muna
Trog
Uskayaw
Vehumet
Wu Jian
Xom
Yredelemnul
Zin
The Shining One
Beogh
Jiyva

Shops:
Orc:1 *}   Orc:2 ![%[   Swamp:2 *

Annotations:
D:2 Terence
D:14 Wyotoin's ghost, veteran TrBe
Spider:2 2 runed translucent doors, Qeaxokh's ghost, adept MfGl


Innate Abilities, Weirdness & Mutations

You have claws for hands.
You are completely covered in molten scales. (AC +4, rF+)
You regenerate a lot of health from kills.
You sometimes gain a little power by taking damage.


Message History

You feel very sick.
The air elemental is engulfed in freezing vapours.
You destroy the air elemental!
Vehumet accepts your kill.
You feel your power returning.
The blizzard demon is engulfed in freezing vapours.
The blizzard demon gestures at you. The freezing blast engulfs you. You resist.
* * * LOW HITPOINT WARNING * * *
The shock serpent is engulfed in freezing vapours.
The shock serpent dies!
The air sparks with electricity, shocking the blizzard demon!
The blizzard demon completely resists.
There is a portal leading out of this place here.
* * * LOW HITPOINT WARNING * * *
You feel very sick.
The blizzard demon is engulfed in freezing vapours.
The blizzard demon waves its arms in wide circles.
The air twists around and violently strikes you in flight!
You die...

###S..§§.§§##≈#
.§§.........#≈#
§...○..§§..###
§.§.§.§.§§.##
§§##§##§§§§##
##§§§##.§..####
##..☼.§##§...§##
#....☼○☼#§§..§.#
+.∩.∩☼@☼2#.....§.#≈
#....○☼○#k....§###≈
##.....###○...§§#≈≈
##...###§...§.###≈
##+#####§....§#≈≈
E###§..§k§###≈
§..###..§...§##
..## ###§.§.§.§


You could see a death drake and a blizzard demon.

Vanquished Creatures
  Jorgrun (Spider:3)
  Kirke (D:12)
  2 vault wardens (Vaults:1)
  Aizul (Spider:3)
  A frost giant (D:13)
  4 emperor scorpions (Spider:4)
  3 ironheart preservers
  5 ghost moths
  The ghost of flestrin the Thaumaturge, a journeyman GnWz of Sif Muna (Orc:1)
  A war gargoyle (D:14)
  2 very ugly things (Swamp:3)
  A stone giant (Orc:1)
  Nessos (D:12)
  A dire elephant (Lair:6)
  2 spark wasps (Spider:3)
  Snorg (D:10)
  A fire dragon (Swamp:4)
  Harold (Lair:2)
  3 ogre magi
  25 hydras
  Erica (D:10)
  A merfolk avatar (Lair:6)
  2 centaur warriors (Vaults:1)
  2 shambling mangroves
  2 death knights
  8 two-headed ogres
  2 tengu warriors (D:15)
  13 alligators
  An orc high priest (Orc:2)
  A deep elf knight (Vaults:1)
  Nergalle (D:10)
  An iron troll (D:14)
  A spriggan druid (Swamp:4)
  A shadow wraith (D:14)
  A wizard (Vaults:1)
  A sea snake (Lair:6)
  A flayed ghost (Vaults:2)
  An unseen horror (D:14)
  A death drake (WizLab)
  Pikel (D:4)
  A phantasmal warrior (Vaults:1)
  8 orc knights
  A harpy (Lair:5)
  An ironbrand convoker (Vaults:2)
  7 swamp dragons
  16 orb spiders
  5 orc sorcerers
  13 ugly things
  3 deep elf magi (D:15)
  30 wolf spiders
  A faun (shapeshifter) (D:13)
  3 manticores
  4 cyclopes
  A moth of wrath (Spider:4)
  6 black mambas
  4 elephants
  Psyche (D:12)
  2 centaur zombies
  A naga mage (D:15)
  A gargoyle (D:12)
  Joseph (D:10)
  3 torpor snails
  4 vault sentinels
  15 demonic crawlers
  A kobold demonologist (D:11)
  22 spiny frogs
  A komodo dragon (shapeshifter) (D:14)
  11 komodo dragons
  5 rime drakes
  7 yaktaurs
  A queen bee (Lair:4)
  2 trolls
  6 meliai
  40 jumping spiders
  3 polar bears
  A wind drake (Lair:6)
  28 hornets
  12 tyrant leeches
  13 blink frogs
  38 slime creatures
  A meliai zombie (D:14)
  10 hippogriffs
  8 bog bodies
  An air elemental (WizLab)
  19 tarantellas
  5 shadows
  5 wraiths
  11 spriggans
  5 water elementals (D:15)
  4 basilisks
  3 hogs (D:12)
  47 redbacks
  5 wyverns
  3 hungry ghosts
  19 yaks
  A hog (shapeshifter) (D:14)
  7 vampire mosquitoes
  Menkaure (D:5)
  A steam dragon (D:11)
  4 wargs
  11 insubstantial wisps
  11 swamp worms
  13 water moccasins
  A soldier ant (D:13)
  2 acid dragons
  38 orc warriors
  16 swamp drakes
  6 porcupines
  4 sky beasts
  3 black bears
  11 ice beasts
  4 slaves
  A necrophage (D:14)
  19 ogres
  3 phantoms
  30 centaurs
  16 wolves
  18 crocodiles
  An elf zombie (D:14)
  15 bullfrogs
  A bullfrog (shapeshifter) (D:14)
  A water moccasin skeleton (D:7)
  5 scorpions
  20 killer bees
  4 wights (D:9)
  7 electric eels
  2 howler monkeys
  10 crimson imps
  A bullfrog zombie (D:5)
  6 human zombies (D:14)
  5 jellies
  Crazy Yiuf (D:5)
  18 orc priests
  6 hounds
  2 bullfrog skeletons
  3 centaur skeletons
  19 orc wizards
  Ijyb (D:3)
  2 human skeletons (D:14)
  9 iguanas
  5 worker ants
  2 killer bee zombies
  An ogre zombie (D:14)
  A hound zombie (D:5)
  A hound skeleton (D:6)
  2 howler monkey zombies
  3 gnolls (D:4)
  A howler monkey skeleton (D:5)
  14 adders
  2 shadow imps
  3 adder zombies
  2 adder skeletons
  A worm (D:6)
  A dart slug (D:1)
  4 leopard geckos
  92 orcs
  7 giant cockroaches
  9 goblins
  4 hobgoblins
  15 jackals
  6 kobolds
  4 quokkas
  A ball python (D:5)
  5 bats
  18 frilled lizards
  A leopard gecko skeleton (D:3)
  An orc skeleton (D:14)
  2 rats (D:2)
  6 fungi
  12 plants
1156 creatures vanquished.

Vanquished Creatures (collateral kills)
  A blink frog (Lair:1)
  A redback (shapeshifter) (D:15)
  An orc warrior (Orc:2)
  A killer bee (Lair:4)
4 creatures vanquished.

Vanquished Creatures (others)
  A stone giant (Vaults:2)
  An ogre mage (Vaults:1)
  A shock serpent (WizLab)
  An orc knight (Orc:2)
  A deep elf mage (D:15)
  An orb spider (Spider:3)
  3 yaktaurs
  3 humans (D:12)
  4 orc warriors (Orc:2)
  4 centaurs
  An orc wizard (D:5)
  4 orcs
  6 fungi (Lair:6)
  9 plants
40 creatures vanquished.

Grand Total: 1200 creatures vanquished

Notes
Turn   | Place    | Note
-------+----------+-------------------------------------------
     0 | D:1      | Chiseanne the Demonspawn Wizard began the quest for the
                  | Orb.
     0 | D:1      | Reached XP level 1. HP: 13/13 MP: 4/4
   489 | D:1      | Gained mutation: You regenerate a little health from kills.
                  | [demonic ancestry]
   489 | D:1      | Reached XP level 2. HP: 13/19 MP: 0/6
   825 | D:1      | Learned a level 2 spell: Blink
  1594 | D:2      | Noticed Terence
  1647 | D:2      | Gained mutation: You are partially covered in molten
                  | scales. (AC +2) [demonic ancestry]
  1647 | D:2      | Reached XP level 3. HP: 16/24 MP: 5/8
  1882 | D:2      | Learned a level 3 spell: Conjure Flame
  1886 | D:2      | Learned a level 3 spell: Mephitic Cloud
  2246 | D:2      | Found a glowing golden altar of the Shining One.
  2783 | D:3      | Gained mutation: You have sharp fingernails. [demonic
                  | ancestry]
  2783 | D:3      | Reached XP level 4. HP: 30/30 MP: 0/9
  2915 | D:3      | Reached skill level 1 in Air Magic
  3426 | D:4      | Noticed a bullfrog
  3445 | D:4      | Noticed Ijyb
  3587 | D:4      | Killed a bullfrog
  3587 | D:4      | Gained mutation: You are mostly covered in molten scales.
                  | (AC +3) [demonic ancestry]
  3587 | D:4      | Reached XP level 5. HP: 35/35 MP: 0/11
  3668 | D:4      | Noticed a centaur
  3681 | D:4      | Killed a centaur
  3749 | D:4      | Found an opulent altar of Gozag.
  3898 | D:3      | Killed Ijyb
  4078 | D:3      | Reached XP level 6. HP: 41/41 MP: 1/12
  4519 | D:4      | Noticed a slave
  4551 | D:4      | Killed a slave
  4649 | D:4      | Noticed a slave
  4650 | D:4      | Noticed a slave
  4697 | D:3      | Killed a slave
  4833 | D:3      | Killed a slave
  4948 | D:4      | Noticed Pikel
  4949 | D:4      | Noticed a slave
  4967 | D:4      | Killed a slave
  5214 | D:4      | Killed Pikel
  5214 | D:4      | Reached skill level 5 in Spellcasting
  5214 | D:4      | Reached skill level 5 in Conjurations
  5214 | D:4      | Reached XP level 7. HP: 41/46 MP: 0/15
  5379 | D:5      | Entered Level 5 of the Dungeon
  5547 | D:5      | Reached skill level 1 in Throwing
  5548 | D:5      | Found a staircase to the Ecumenical Temple.
  5562 | D:5      | Reached XP level 8. HP: 40/52 MP: 9/16
  5596 | D:5      | Reached skill level 1 in Maces & Flails
  5732 | D:5      | Noticed Menkaure
  5734 | Temple   | Entered the Ecumenical Temple
  5958 | Temple   | Became a worshipper of Vehumet
  6161 | D:5      | Killed Menkaure
  6165 | D:5      | Noticed a +3 dagger
  6165 | D:5      | Noticed a +0 dagger
  6176 | D:5      | Found a hide-covered altar of Uskayaw.
  6264 | D:5      | Reached skill level 1 in Fighting
  7020 | D:5      | Reached skill level 1 in Fire Magic
  7368 | D:5      | Found a runed translucent door.
  7369 | D:5      | Noticed Crazy Yiuf
  7379 | D:5      | Killed Crazy Yiuf
  7804 | D:6      | Gained mutation: You regenerate health from kills. [demonic
                  | ancestry]
  7804 | D:6      | Reached XP level 9. HP: 46/61 MP: 10/19
  8029 | D:6      | Reached skill level 5 in Air Magic
  8475 | D:6      | Reached * piety under Vehumet
  8475 | D:6      | Offered knowledge of Freeze by Vehumet.
  8521 | D:6      | Found a hazy altar of Hepliaklqana.
  8752 | D:6      | Found a blossoming altar of Fedhas.
  9144 | D:7      | Found a white marble altar of Elyvilon.
  9631 | D:7      | Found a shimmering blue altar of Sif Muna.
  9631 | D:7      | Found a shimmering altar of Xom.
  9633 | D:7      | Found a radiant altar of Vehumet.
  9633 | D:7      | Found a basalt altar of Yredelemnul.
  9633 | D:7      | Found a glowing silver altar of Zin.
  9918 | D:8      | Found a staircase to the Lair.
 10000 | D:8      | Noticed a komodo dragon
 10054 | D:8      | Killed a komodo dragon
 10678 | D:8      | Offered knowledge of Throw Frost by Vehumet.
 10712 | D:8      | Reached ** piety under Vehumet
 10750 | D:8      | Gained mutation: You are completely covered in molten
                  | scales. (AC +4, rF+) [demonic ancestry]
 10750 | D:8      | Reached XP level 10. HP: 44/67 MP: 12/22
 11314 | D:8      | Reached skill level 5 in Fire Magic
 12308 | D:8      | Offered knowledge of Searing Ray by Vehumet.
 12887 | D:9      | Reached *** piety under Vehumet
 13306 | D:10     | Entered Level 10 of the Dungeon
 13412 | D:10     | Noticed Snorg
 13422 | D:10     | Killed Snorg
 13653 | D:10     | Noticed Erica
 13670 | D:10     | Killed Erica
 13670 | D:10     | Reached skill level 1 in Armour
 13762 | D:10     | Reached XP level 11. HP: 72/72 MP: 18/24
 13765 | D:10     | Offered knowledge of Inner Flame by Vehumet.
 13774 | D:10     | Reached skill level 10 in Conjurations
 13886 | D:10     | Learned a level 6 spell: Freezing Cloud
 14056 | D:10     | Reached skill level 1 in Ice Magic
 14184 | D:10     | Noticed Nergalle
 14205 | D:10     | Killed Nergalle
 14475 | Lair:1   | Entered Level 1 of the Lair of Beasts
 14821 | D:8      | Reached **** piety under Vehumet
 14945 | Lair:1   | Reached skill level 5 in Ice Magic
 15956 | Lair:1   | Noticed a six-headed hydra
 15968 | Lair:1   | Killed a six-headed hydra
 16095 | Lair:1   | Offered knowledge of Lightning Bolt by Vehumet.
 16137 | Lair:1   | Learned a level 5 spell: Lightning Bolt
 16430 | Lair:2   | Noticed a five-headed hydra
 16573 | Lair:1   | Killed a five-headed hydra
 17148 | Lair:2   | Noticed Harold
 17148 | Lair:2   | Noticed a four-headed hydra
 17167 | Lair:2   | Killed Harold
 17167 | Lair:2   | Gained mutation: You regenerate a lot of health from kills.
                  | [demonic ancestry]
 17167 | Lair:2   | Reached XP level 12. HP: 50/78 MP: 4/25
 17168 | Lair:2   | Killed a four-headed hydra
 18080 | Lair:3   | Found a hide-covered altar of Uskayaw.
 18210 | Lair:3   | Noticed a six-headed hydra
 18219 | Lair:3   | Killed a six-headed hydra
 18286 | Lair:3   | Found a staircase to the Swamp.
 18437 | Lair:3   | Noticed a six-headed hydra
 18450 | Lair:3   | Killed a six-headed hydra
 19133 | Lair:4   | Found a hole to the Spider Nest.
 19952 | Lair:4   | Noticed a seven-headed hydra
 19962 | Lair:4   | Killed a seven-headed hydra
 20564 | Lair:4   | Reached skill level 10 in Air Magic
 20567 | Lair:4   | Reached skill level 10 in Ice Magic
 20957 | Lair:4   | Reached ***** piety under Vehumet
 20957 | Lair:4   | Offered knowledge of Bolt of Cold by Vehumet.
 21057 | Lair:4   | Learned a level 6 spell: Bolt of Cold
 21126 | Lair:5   | Reached XP level 13. HP: 83/83 MP: 5/26
 21297 | Lair:5   | Identified the ring "Ciyzoj" {rC+ Int+2} (You found it on
                  | level 5 of the Lair of Beasts)
 21319 | Lair:5   | Reached skill level 10 in Spellcasting
 21860 | Lair:6   | Entered Level 6 of the Lair of Beasts
 21881 | Lair:5   | Reached skill level 1 in Shields
 21888 | Lair:5   | Reached skill level 2 in Shields
 21998 | Lair:5   | Reached skill level 3 in Shields
 22142 | Lair:5   | Reached skill level 4 in Shields
 22777 | Lair:5   | Reached skill level 5 in Shields
 23296 | Lair:6   | Reached skill level 6 in Shields
 23949 | Lair:6   | Reached skill level 7 in Shields
 24622 | Lair:5   | Reached skill level 8 in Shields
 24991 | Lair:6   | Found a viscous altar of Jiyva.
 24991 | Lair:6   | Found a staircase to the Slime Pits.
 25538 | Lair:6   | Noticed a dire elephant
 25551 | Lair:6   | Killed a dire elephant
 25551 | Lair:6   | Reached skill level 9 in Shields
 25822 | Lair:6   | Identified the cursed +2 rapier of Xarub {flame, rN+ Str+4}
                  | (You found it on level 6 of the Lair of Beasts)
 26163 | D:10     | Noticed Joseph
 26177 | D:10     | Killed Joseph
 26814 | D:11     | Found a staircase to the Orcish Mines.
 26940 | D:11     | Found a roughly hewn altar of Beogh.
 27106 | D:11     | Offered knowledge of Throw Icicle by Vehumet.
 27567 | D:11     | Gained mutation: You have very sharp fingernails. [demonic
                  | ancestry]
 27567 | D:11     | Reached XP level 14. HP: 90/90 MP: 10/28
 28066 | D:12     | Noticed Psyche
 28076 | D:12     | Killed Psyche
 28182 | D:12     | Reached skill level 10 in Shields
 28303 | D:12     | Found a shimmering altar of Xom.
 28588 | D:11     | Upgraded the game from 0.25-a0-10-g2fe12d4386 to
                  | 0.25-a0-21-ga5a8db46c7
 28623 | D:12     | Noticed Kirke
 28627 | D:12     | Noticed a sphinx
 28629 | D:12     | Killed Kirke
 28657 | D:12     | Noticed Nessos
 28684 | D:12     | Killed Nessos
 28688 | D:12     | Reached skill level 11 in Shields
 28918 | D:12     | Identified a scroll of acquirement
 29692 | D:13     | Noticed a frost giant
 29698 | D:13     | Killed a frost giant
 30783 | D:14     | Offered knowledge of Yara's Violent Unravelling by Vehumet.
 31456 | D:14     | Found a gate to the Vaults.
 32348 | D:14     | Found an ancient bone altar of Kikubaaqudgha.
 32736 | D:15     | Entered Level 15 of the Dungeon
 33322 | D:15     | Gained mutation: You have claws for hands. [demonic
                  | ancestry]
 33322 | D:15     | Reached XP level 15. HP: 93/95 MP: 17/29
 33948 | D:15     | Found a staircase to the Depths.
 34568 | Orc:1    | Entered Level 1 of the Orcish Mines
 34583 | Orc:1    | Found Saudywuj's Gadget Boutique.
 34774 | Orc:1    | Reached skill level 12 in Shields
 35090 | Orc:1    | Found a runed translucent gate.
 35090 | Orc:1    | Found a runed translucent gate.
 35090 | Orc:1    | Found a runed translucent gate.
 35092 | Orc:1    | Found an opulent altar of Gozag.
 35094 | Orc:1    | Noticed flestrin's ghost (journeyman GnWz)
 35180 | Orc:1    | Found Fomiocok's Assorted Antiques.
 35201 | Orc:1    | Killed flestrin's ghost
 35214 | Orc:1    | Bought a potion of curing for 87 gold pieces
 35214 | Orc:1    | Bought a scroll of identify for 58 gold pieces
 35214 | Orc:1    | Bought a potion of might for 116 gold pieces
 35214 | Orc:1    | Bought a scroll of teleportation for 87 gold pieces
 35214 | Orc:1    | Bought a scroll of enchant armour for 217 gold pieces
 35214 | Orc:1    | Bought a wand of digging (3) for 232 gold pieces
 35246 | Orc:2    | Entered Level 2 of the Orcish Mines
 35246 | Orc:2    | Found a roughly hewn altar of Beogh.
 35253 | Orc:2    | Offered knowledge of Iskenderun's Battlesphere by Vehumet.
 36217 | Orc:2    | Found Zin Opuni's Food Emporium.
 36217 | Orc:2    | Found Ubboy's Antique Armour Boutique.
 36220 | Orc:2    | Found Arasaeg's Distillery.
 36224 | Orc:2    | Found Vusasill's Antique Armour Shoppe.
 36234 | Orc:2    | Bought a potion of resistance for 140 gold pieces
 36234 | Orc:2    | Bought 2 potions of heal wounds for 140 gold pieces
 36234 | Orc:2    | Bought a potion of heal wounds for 70 gold pieces
 36234 | Orc:2    | Bought a potion of agility for 56 gold pieces
 36234 | Orc:2    | Bought a potion of magic for 112 gold pieces
 36234 | Orc:2    | Bought a potion of cancellation for 112 gold pieces
 36234 | Orc:2    | Bought a potion of invisibility for 112 gold pieces
 36236 | Orc:2    | Bought a shiny large shield for 210 gold pieces
 36319 | Orc:2    | Bought a dazzling leather armour for 175 gold pieces
 36319 | Orc:2    | Bought an embroidered scarf for 200 gold pieces
 36332 | Orc:2    | Identified the +0 leather armour of Intuition {MR+ Str+4}
                  | (You bought it in a shop on level 2 of the Orcish Mines)
 36383 | Orc:2    | Reached skill level 13 in Shields
 36541 | Orc:2    | Found a staircase to the Elven Halls.
 36943 | Swamp:1  | Entered Level 1 of the Swamp
 36947 | Swamp:1  | Reached skill level 1 in Translocations
 38962 | Swamp:2  | Found Ifonaire's Island Escapes.
 38970 | Swamp:2  | Bought a scroll of teleportation for 39 gold pieces
 38970 | Swamp:2  | Bought a scroll of blinking for 97 gold pieces
 38970 | Swamp:2  | Bought a scroll of fog for 26 gold pieces
 38970 | Swamp:2  | Bought a potion of invisibility for 104 gold pieces
 39593 | Swamp:2  | Offered knowledge of Orb of Destruction by Vehumet.
 39602 | Swamp:2  | Learned a level 7 spell: Orb of Destruction
 39749 | Swamp:3  | Paralysed by a hornet for 1 turns
 40058 | Swamp:3  | Reached XP level 16. HP: 58/101 MP: 19/31
 40119 | Swamp:3  | Reached skill level 14 in Shields
 40297 | Swamp:3  | Reached ****** piety under Vehumet
 40829 | Swamp:4  | Entered Level 4 of the Swamp
 41164 | Swamp:4  | Offered knowledge of Ozocubu's Refrigeration by Vehumet.
 41347 | Swamp:4  | Got a decaying rune of Zot
 42194 | Lair:3   | Learned a level 4 spell: Sticky Flame
 42233 | Spider:1 | Entered Level 1 of the Spider Nest
 44445 | Spider:2 | Reached skill level 15 in Shields
 44744 | Spider:2 | Found a large runed translucent door.
 44744 | Spider:2 | Found a large runed translucent door.
 44745 | Spider:2 | Noticed Qeaxokh's ghost (adept MfGl)
 44983 | Spider:3 | Noticed Aizul
 44993 | Spider:3 | Killed Aizul
 44996 | Spider:3 | Reached XP level 17. HP: 104/106 MP: 10/34
 45178 | Spider:3 | Offered knowledge of Poison Arrow by Vehumet.
 45577 | Spider:3 | Noticed Jorgrun
 45590 | Spider:3 | Killed Jorgrun
 45873 | Spider:4 | Entered Level 4 of the Spider Nest
 46988 | Spider:4 | Offered knowledge of Glaciate by Vehumet.
 46988 | Spider:4 | Offered knowledge of Shatter by Vehumet.
 46988 | Spider:4 | Offered knowledge of Tornado by Vehumet.
 47244 | Spider:4 | Reached skill level 16 in Shields
 47582 | Spider:4 | Reached skill level 15 in Spellcasting
 48690 | Spider:4 | Got a gossamer rune of Zot
 49344 | Vaults:1 | Entered Level 1 of the Vaults
 49348 | Vaults:1 | Found a runed translucent gate.
 49348 | Vaults:1 | Found a runed translucent gate.
 49348 | Vaults:1 | Found a runed translucent gate.
 49348 | Vaults:1 | Noticed Wyotoin's ghost (veteran TrBe)
 50473 | Vaults:1 | Gained mutation: You sometimes gain a little power by
                  | taking damage. [demonic ancestry]
 50473 | Vaults:1 | Reached XP level 18. HP: 112/112 MP: 24/37
 50697 | Vaults:1 | You are sucked into a shaft and drop 1 floor!
 50777 | Vaults:2 | Reached skill level 17 in Shields
 50993 | Vaults:2 | Paralysed by an orc sorcerer for 7 turns
 51020 | Vaults:2 | Found a magical portal.
 51159 | WizLab   | Killed from afar by a blizzard demon

Levels and vault maps discovered:
D:1:      beargit_arrival_greenhouse, layout_loops_corners
D:2:      layout_basic, nicolae_tso_carved_into_rock, minmay_lizard_pond,
          uniq_terence
D:3:      layout_loops_ring, first_ration
D:4:      layout_gridville, nicolae_gozag_seed_capital, uniq_ijyb, uniq_pikel
D:5:      layout_basic, dancing_weapons_uskayaw, minmay_temple_entry_crystal_x,
          uniq_crazy_yiuf_cottage, uniq_menkaure
D:6:      layout_loops_ring, fedhas_altar_4, lemuel_round_altar,
          hangedman_decor_push
D:7:      layout_rooms, the_bakery, doesnt_xom_only_xom
D:8:      minmay_angry_zag, layout_loops_ring, david_lair_shrubbed,
          minmay_lizard_king
D:9:      layout_cross, chequers_serial_rivers_micro_a
D:10:     layout_roguey, uniq_nergalle, uniq_joseph, uniq_snorg, uniq_erica
D:11:     layout_irregular_city, minmay_orc_entry_temple_small
D:12:     layout_basic, basic_altar, minmay_misc_feat_plants, uniq_kirke,
          uniq_psyche, uniq_nessos
D:13:     minmay_coctagon, layout_cave_pods
D:14:     layout_long_grid, david_vaults_4, nrook_mini_backslash,
          lemuel_mausoleum_altar_kikubaaqudgha
D:15:     hangedman_depths_entry_try_elsewhere_first, layout_basic,
          hangedman_decor_riveting
Temple:   dpeg_five_rooms_temple
Lair:1:   layout_cave_pods, portal_ice_cave_entry_pillars_2
Lair:2:   layout_small_grid, serial_bayou_shore_a, uniq_harold
Lair:3:   layout_roguey, minmay_swamp_entry_eels, basic_altar,
          lemuel_fruit_fields, grunt_megastairs_2, serial_bayou_shore_b,
          infiniplex_staircase_pool_2, serial_bayou_shore_b
Lair:4:   layout_hall_layers, spider_nest_entry_web_field, special_room
          [special_room_bee], grunt_megastairs_3
Lair:5:   layout_long_grid, infiniplex_staircase_pool, lemuel_fruit_fields
Lair:6:   gammafunk_lair_ancient_temple, layout_regular_city,
          dpeg_slime_entry_enclosed_altar
Swamp:1:  layout_basic_swamp, evilmike_swamp_ruin_house_4, swamp_pool2,
          nicolae_swamp_trees_clearing, nicolae_swamp_alligator_family
Swamp:2:  layout_falls_marsh, evilmike_swamp_ruin_house_5, swamp_pool3,
          nicolae_island_escapes
Swamp:3:  layout_falls_marsh, evilmike_swamp_ruin_house_1, swamp_pool1,
          hangedman_swamp_muck
Swamp:4:  swamp, layout_basic_swamp
Spider:1: layout_chambers
Spider:2: layout_spider_delve, ebering_ghost_disaster_area,
          guppyfry_spider_mini_1
Spider:3: layout_spider_delve, uniq_aizul, uniq_jorgrun
Spider:4: guppyfry_spider_rune, ebering_ghost_xom
Orc:1:    layout_caves, serial_shops, shop, ebering_ghost_gozag
Orc:2:    st_orc_rangers, layout_caves, gauntlet_entry_generic, basic_altar
Vaults:1: gammafunk_vaults_ghost_split, st_spiral_rooms,
          hangedman_vaults_slither, ontoclasm_vaults_claustrophobia,
          grunt_vaults_trifunnel, nicolae_vaults_little_squares_2,
          nicolae_vaults_shelves_hall, vaults_room_stairs_pillars,
          nicolae_vaults_shelves_hall, vaults_room_hallway,
          ontoclasm_vaults_hangar, layout_vaults_omnigrid, serial_shops, shop,
          shop
Vaults:2: nicolae_vaults_diagonal_hallway_6, grunt_vaults_swirl,
          nicolae_vaults_big_ls, nicolae_vaults_inception_scallops,
          nicolae_vaults_little_squares_6, vaults_room_corners,
          hangedman_vaults_maws, nicolae_vaults_yaktaur_gun_rack, v_rooms_1,
          special_room_vaults [special_room_orc], nicolae_vaults_asterisk,
          nicolae_vaults_diagonal_hallway_6, layout_vaults_ring, serial_shops,
          shop_statue, lightli_enter_wizlab_magi_temple
WizLab:   wizlab_cloud

Skill      XL: |  1  2  3  4  5  6  7  8  9 10 11 12 13 14 15 16 17 18 |
---------------+-------------------------------------------------------+-----
Conjurations   | 2 3 5 6 7 9 10 | 10.0
Air Magic      | 1 2 4 5 7 10 | 10.4
Spellcasting   | 4 5 6 8 9 10 11 13 15 | 15.8
Throwing       | 1 |  1.4
Maces & Flails | 2 |  2.0
Fighting       | 2 |  2.0
Stealth        | 2 |  2.0
Fire Magic     | 2 4 5 |  5.0
Dodging        | 2 |  2.4
Armour         | 1 |  1.4
Ice Magic      | 7 10 14 | 14.8
Shields        | 9 11 13 15 16 17 | 17.2
Translocations | 2 |  2.2
Summonings     | |  1.0
Poison Magic   | |  0.4

Action                   |  1- 3 |  4- 6 |  7- 9 | 10-12 | 13-15 | 16-18 || total
-------------------------+-------+-------+-------+-------+-------+-------++-------
Melee: Short sword       |    30 |       |       |       |       |       ||    30
       Long sword        |    23 |    19 |       |       |       |       ||    42
       Flail             |       |    29 |    82 |   204 |  1042 |   509 ||  1866
Throw: Dart              |     2 |    25 |       |       |    17 |    13 ||    57
       Javelin           |       |       |     5 |     5 |       |       ||    10
 Cast: Magic Dart        |    96 |    87 |   329 |   632 |   414 |    42 ||  1600
       Mephitic Cloud    |       |    16 |    17 |    46 |    66 |     2 ||   147
       Blink             |       |     5 |       |    45 |    44 |     5 ||    99
       Conjure Flame     |       |     3 |    21 |    34 |    53 |       ||   111
       Freezing Cloud    |       |       |       |    45 |   162 |   345 ||   552
       Lightning Bolt    |       |       |       |     4 |    73 |    12 ||    89
       Bolt of Cold      |       |       |       |     2 |   111 |    35 ||   148
       Sticky Flame      |       |       |       |       |       |     1 ||     1
Evoke: Wand              |       |     3 |     3 |    28 |    40 |    16 ||    90
       Lamp of fire      |       |       |       |       |     2 |       ||     2
       Box of beasts     |       |       |       |       |     2 |       ||     2
       Phial of floods   |       |       |       |       |     2 |       ||     2
  Use: Scroll            |     2 |     6 |    11 |     9 |    24 |     7 ||    59
       Potion            |       |     1 |     4 |     1 |     9 |    18 ||    33
 Stab: Confused          |       |     1 |     4 |     4 |    11 |       ||    20
       Paralysed         |       |       |       |     4 |    12 |       ||    16
       Sleeping          |       |       |       |       |     7 |       ||     7
       Distracted        |       |       |       |       |     1 |       ||     1
       Invisible         |       |       |       |       |       |     1 ||     1
  Eat: Chunk             |     6 |     6 |     9 |    32 |    85 |    47 ||   185
       Ration            |       |     1 |     2 |     5 |    22 |    21 ||    51
Armor: Robe              |     8 |    13 |    21 |    50 |       |       ||    92
       Troll leather arm |       |       |       |    79 |   327 |   256 ||   662
Dodge: Dodged            |    50 |    72 |   119 |   484 |   631 |   413 ||  1769
Block: Shield            |       |       |       |       |   830 |       ||   830
       Other             |       |       |       |       |    44 |       ||    44
       Reflection        |       |       |       |       |    98 |    18 ||   116
       Large shield      |       |       |       |       |   253 |  1113 ||  1366
       Rpst.: Long sword |     9 |     9 |       |       |       |       ||    18

Table legend:
 A = Non-vault XP
 B = Vault XP
 C = Vault XP percentage of total XP
 D = Non-vault monster count
 E = Vault monster count
 F = Vault count percentage of total count
                 A         B        C        D         E       F
            +---------+---------+-------+---------+---------+-------
      Total |  201587 |  114090 |  36.1 |     880 |     280 |  24.1
            +---------+---------+-------+---------+---------+-------
        D:1 |      28 |       0 |   0.0 |      15 |       0 |   0.0
        D:2 |      36 |       9 |  20.0 |      15 |       9 |  37.5
        D:3 |     119 |      36 |  23.2 |      17 |       1 |   5.6
        D:4 |     388 |     663 |  63.1 |      19 |       1 |   5.0
        D:5 |     916 |     213 |  18.9 |      30 |       2 |   6.2
        D:6 |     921 |       0 |   0.0 |      20 |       0 |   0.0
        D:7 |     722 |     211 |  22.6 |      11 |       1 |   8.3
        D:8 |    4256 |     552 |  11.5 |      47 |      12 |  20.3
        D:9 |     988 |       0 |   0.0 |      21 |       0 |   0.0
       D:10 |    1944 |    3336 |  63.2 |      32 |       4 |  11.1
       D:11 |    3590 |     236 |   6.2 |      23 |       9 |  28.1
       D:12 |    7717 |    4011 |  34.2 |      35 |       6 |  14.6
       D:13 |    4989 |    2725 |  35.3 |      31 |       6 |  16.2
       D:14 |    6668 |    5735 |  46.2 |      26 |      19 |  42.2
       D:15 |   13035 |    1108 |   7.8 |      43 |       3 |   6.5
     Lair:1 |    5814 |       0 |   0.0 |      22 |       0 |   0.0
     Lair:2 |    2548 |    1013 |  28.4 |       9 |       1 |  10.0
     Lair:3 |    5624 |     453 |   7.5 |      17 |       6 |  26.1
     Lair:4 |    7572 |    2229 |  22.7 |      28 |      18 |  39.1
     Lair:5 |    8673 |    4102 |  32.1 |      33 |      14 |  29.8
     Lair:6 |    2131 |    7078 |  76.9 |       9 |      14 |  60.9
    Swamp:1 |    9945 |    2761 |  21.7 |      34 |       3 |   8.1
    Swamp:2 |    6598 |       0 |   0.0 |      22 |       0 |   0.0
    Swamp:3 |   16501 |    4794 |  22.5 |      40 |       9 |  18.4
    Swamp:4 |    5186 |   18647 |  78.2 |      18 |      28 |  60.9
   Spider:1 |   14006 |       0 |   0.0 |      42 |       0 |   0.0
   Spider:2 |    4742 |    1510 |  24.2 |      15 |       6 |  28.6
   Spider:3 |   17405 |    6551 |  27.3 |      41 |       3 |   6.8
   Spider:4 |   18301 |   22085 |  54.7 |      48 |      40 |  45.5
      Orc:1 |    4043 |    1670 |  29.2 |      22 |       3 |  12.0
      Orc:2 |    4695 |    4710 |  50.1 |      39 |      39 |  50.0
   Vaults:1 |    7817 |   11524 |  59.6 |      21 |      12 |  36.4
   Vaults:2 |   13669 |    5042 |  26.9 |      35 |       8 |  18.6
     WizLab |       0 |    1086 | 100.0 |       0 |       3 | 100.0
            +---------+---------+-------+---------+---------+-------
